 Dungeon Crawl Stone Soup version 0.20-a0-959-gdc9e609 (webtiles) character file.

288 Hybris the Caller (level 6, -1/32 HPs)
             Began as a Deep Elf Summoner on Apr 6, 2017.
             Shot with an arrow by a centaur (9 damage)
             ... on level 5 of the Dungeon.
             The game lasted 00:15:38 (5914 turns).

Hybris the Caller (Deep Elf Summoner)               Turns: 5914, Time: 00:15:38

Health: -1/32      AC:  2    Str:  5    XL:     6   Next: 9%
Magic:  1/14       EV: 13    Int: 22    God:
Gold:   241        SH:  0    Dex: 15    Spells: 3/13 levels left

rFire    . . .     SeeInvis .   w - +0 dagger (pain)
rCold    . . .     Gourm    .   (no shield)
rNeg     . . .     Faith    .   a - +0 robe
rPois    .         Spirit   .   (no helmet)
rElec    .         Reflect  .   (no cloak)
rCorr    +         Harm     .   (no gloves)
MR       .....                  (no boots)
Stlth    ++........             (no amulet)
Regen    0.1/turn               s - ring of resist corrosion
MPRegen  0.2/turn               (no ring)

@: very slightly contaminated
A: no striking features
a: no special abilities


You were on level 5 of the Dungeon.
You were very hungry.

You visited 1 branch of the dungeon, and saw 5 of its levels.

You collected 241 gold pieces.

Inventory:

Hand Weapons
 i - a +0 dagger
 w - a +0 dagger of pain (weapon)
Armour
 a - a +0 robe (worn)
Jewellery
 s - a ring of resist corrosion (left hand)
Scrolls
 d - 2 scrolls of identify
 h - 2 scrolls of remove curse
 j - a scroll of teleportation {unknown}
 m - a scroll of amnesia
Potions
 e - 3 potions of flight
 f - a potion of haste {unknown}
 k - a potion of might {unknown}
 l - 2 potions of curing
 n - a potion of agility {unknown}
 o - a potion of heal wounds {unknown}
 p - 3 potions of lignification {unknown}
 q - a potion of brilliance {unknown}
 r - a potion of mutation {unknown}
 t - a potion of berserk rage
Books
 b - a book of Callings

   Spells                             Type                      Level
   a - Summon Small Mammal            Summoning                    1
   b - Call Imp                       Summoning                    2
   c - Call Canine Familiar           Summoning                    3
   d - Summon Guardian Golem          Hexes/Summoning              3
   e - Summon Lightning Spire         Summoning/Air                4
   f - Summon Ice Beast               Ice/Summoning                4
Comestibles
 c - 4 bread rations
 g - 2 royal jellies
 u - 4 meat rations


   Skills:
 - Level 2.4 Dodging
 - Level 2.4 Stealth
 - Level 4.4 Spellcasting
 * Level 7.1 Summonings
 + Level 2.0 Air Magic


You had 3 spell levels left.
You knew the following spells:

 Your Spells              Type           Power        Failure   Level  Hunger
a - Summon Small Mammal   Summ           ####         1%          1    None
b - Call Imp              Summ           #####...     1%          2    #......
c - Call Canine Familiar  Summ           #####...     1%          3    ##.....
d - Summon Lightning Spi  Summ/Air       ####....     17%         4    ####...


Dungeon Overview and Level Annotations

Branches:
Dungeon (5/15)
 Temple: D:4-7

Altars:
Elyvilon
Gozag
Kikubaaqudgha
Okawaru
Ru
Xom


Message History

The centaur shoots an arrow.
The arrow hits your lightning spire!
Your lightning spire is destroyed!
Casting: Summon Lightning Spire
Confirm with . or Enter, or press ? or * to list all spells.
The centaur shoots an arrow.
The arrow hits your rat.
Your rat dies!
Your rat's corpse disappears in a puff of smoke!
Casting: Summon Small Mammal
Confirm with . or Enter, or press ? or * to list all spells.
You don't have enough magic to cast that spell.
Casting: Summon Small Mammal
Confirm with . or Enter, or press ? or * to list all spells.
The centaur shoots an arrow.
The arrow barely misses you.
The centaur shoots an arrow.
The arrow hits you!
* * * LOW HITPOINT WARNING * * *
You see here an arrow.
The centaur shoots an arrow.
The arrow hits you.
* * * LOW HITPOINT WARNING * * *
The centaur shoots an arrow.
The arrow hits you!
You die...

#.# #..# #......
#..###.####.........
#...#.........#...#
#..........c..#...#
#.<..####.....#...# #.
###..# ##.........## ...
#..###....r(.....##....
#..##......(.......?...
##.......@.((.........[.
#......#####............
#......# ###..........
#......# ##...##....
##....### ###.......
##...#.# ..####. ##.#.##
..# #..## .## ###


You could see a centaur and a friendly rat.

Vanquished Creatures
  A centaur (D:4)
  A hound (D:5)
  An adder (D:4)
  A leopard gecko (D:4)
  An orc (D:4)
  2 giant cockroaches
  9 goblins
  A hobgoblin (D:2)
  A jackal (D:1)
  2 quokkas
  4 ball pythons
  2 bats (D:2)
  3 frilled lizards
  A kobold (D:3)
  4 rats
34 creatures vanquished.

Vanquished Creatures (collateral kills)
  A hound (D:4)
  2 orc priests (D:4)
  A worker ant (D:4)
  5 adders
  A shadow imp (D:5)
  2 oozes (D:1)
  2 worms (D:3)
  4 dart slugs
  2 leopard geckos
  6 orcs
  2 bats
  A giant cockroach (D:4)
  6 goblins
  5 hobgoblins
  10 jackals
  2 ball pythons
  3 frilled lizards
  6 kobolds
  A leopard gecko zombie (D:5)
  7 rats
69 creatures vanquished.

Vanquished Creatures (others)
  A howler monkey (D:4)
  An iguana (D:4)
  A worker ant (D:4)
  An orc (D:4)
  A jackal (D:4)
5 creatures vanquished.

Grand Total: 108 creatures vanquished

Notes
Turn   | Place    | Note
-------+----------+-------------------------------------------
     0 | D:1      | Hybris the Deep Elf Summoner began the quest for the Orb.
     0 | D:1      | Reached XP level 1. HP: 10/10 MP: 6/6
   283 | D:1      | Reached XP level 2. HP: 15/15 MP: 4/8
   287 | D:1      | Learned a level 2 spell: Call Imp
  1028 | D:1      | Reached skill level 5 in Summonings
  1721 | D:1      | Reached XP level 3. HP: 15/19 MP: 10/10
  1726 | D:1      | Learned a level 3 spell: Call Canine Familiar
  2834 | D:2      | Reached XP level 4. HP: 4/24 MP: 8/12
  3088 | D:2      | Found an iron altar of Okawaru.
  3607 | D:3      | Found a white marble altar of Elyvilon.
  4006 | D:3      | Found an opulent altar of Gozag.
  4089 | D:3      | Learned a level 4 spell: Summon Lightning Spire
  4453 | D:4      | Reached skill level 6 in Summonings
  4586 | D:4      | Found a sacrificial altar of Ru.
  4608 | D:4      | Reached XP level 5. HP: 18/28 MP: 7/13
  4613 | D:4      | Reached skill level 1 in Air Magic
  4856 | D:4      | Noticed a centaur
  5038 | D:4      | Killed a centaur
  5298 | D:4      | Reached skill level 7 in Summonings
  5363 | D:4      | Found an ancient bone altar of Kikubaaqudgha.
  5424 | D:4      | Found a shimmering altar of Xom.
  5690 | D:5      | Entered Level 5 of the Dungeon
  5737 | D:5      | Reached XP level 6. HP: 32/32 MP: 6/14
  5914 | D:5      | Shot with an arrow by a centaur

Vault maps used:
D:1:      erik_arrival_gehennom
D:2:      kennysheep_big_flooded_room, marbit_many_paths, first_bread
D:3:      nicolae_overflow_hidden_temple, elyvilon_altar_1,
          minmay_misc_feat_more_columns, nrook_mini_backslash
D:4:      kiku_gazebo_garden_becter, nicolae_ru_sacrificial_ziggurat,
          xom_confusion_cloud
D:5:      makhleb_altar_promises_db

Skill      XL: |  1  2  3  4  5  6 |
---------------+-------------------+-----
Summonings     | 5 6 7 |  7.1
Spellcasting   | 4 |  4.4
Air Magic      | 1 2 |  2.0
Dodging        | |  2.4
Stealth        | |  2.4

Action                   |  1- 3 |  4- 6 || total
-------------------------+-------+-------++-------
Melee: Unarmed           |    19 |       ||    19
       Dagger            |    81 |    90 ||   171
 Cast: Summon Small Mamm |    25 |     7 ||    32
       Call Imp          |    29 |     7 ||    36
       Call Canine Famil |     5 |    11 ||    16
       Summon Lightning  |       |     6 ||     6
  Use: Scroll            |     1 |     3 ||     4
       Potion            |       |     3 ||     3
 Stab: Sleeping          |     9 |     8 ||    17
  Eat: Chunk             |     5 |    10 ||    15
       Royal jelly       |     1 |       ||     1
       Fruit             |       |     1 ||     1
Armor: Robe              |    17 |    12 ||    29
Dodge: Dodged            |    92 |    87 ||   179
